 Dungeon Crawl Stone Soup version 0.30-b1-2-g02819fbbbe (webtiles) character file.

Game seed: 11181331004720518009

2420 Fartwhistle the Skirmisher (level 9, -3/71 HPs)
             Began as a Gnoll Hunter on Sept 15, 2023.
             Killed by divine providence
             ... invoked by an orc priest
              (13 damage)
             ... on level 7 of the Dungeon.
             The game lasted 00:11:50 (6318 turns).

Fartwhistle the Skirmisher (Gnoll Hunter)           Turns: 6318, Time: 00:11:50

Health: -3/71      AC: 10    Str: 12    XL:     9   Next: 48%
Magic:  15/15      EV: 13    Int: 14    God:
Gold:   431        SH:  0    Dex: 16    Spells: 13/16 levels left

rFire   + . .        k - +3 short sword (freeze)
rCold   . . .        (no shield)
rNeg    . . .        o - +2 ring mail {rF+}
rPois   .            d - +0 helmet {Int+3}
rElec   .            c - +0 cloak
rCorr   .            (no gloves)
SInv    .            (no boots)
Will    .....        (no amulet)
Stlth   ++           (no ring)
HPRegen 0.31/turn    (no ring)
MPRegen 0.14/turn

%: no passive effects
@: mighty
A: fangs 1, strong nose, distributed training
a: no special abilities


You were on level 7 of the Dungeon.
You visited 1 branch of the dungeon, and saw 7 of its levels.

You collected 431 gold pieces.

Inventory:

Hand Weapons
 a - a +0 shortbow
 g - a +2 whip of draining
 k - a +3 short sword of freezing (weapon)
 q - a +0 dagger of protection
 E - a +2 hand axe of flaming
Missiles
 j - 9 poisoned darts
 B - 3 javelins
Armour
 c - a +0 cloak (worn)
 d - a +0 helmet of intelligence (worn)
 o - a +2 ring mail of fire resistance (worn)
Scrolls
 b - 3 scrolls of immolation
 e - 2 scrolls of silence
 h - 3 scrolls of teleportation {unknown}
 i - 4 scrolls of vulnerability
 n - a scroll of poison {unknown}
 r - a scroll of fear {unknown}
 s - a scroll of enchant weapon {unknown}
 u - 2 scrolls of butterflies {unknown}
 x - a scroll of fog {unknown}
 y - a scroll of noise {unknown}
 A - a scroll of blinking {unknown}
 C - a scroll of amnesia {unknown}
Potions
 f - 3 potions of heal wounds
 l - a potion of brilliance {unknown}
 m - 3 potions of attraction
 p - a potion of might
 t - a potion of curing {unknown}
 v - 2 potions of ambrosia {unknown}
 w - 3 potions of mutation {unknown}
 z - a potion of invisibility {unknown}
 D - a potion of resistance {unknown}


   Skills:
 + Level 6.4 Fighting
 + Level 4.4 Short Blades
 + Level 4.4 Long Blades
 + Level 4.4 Axes
 + Level 4.4 Maces & Flails
 + Level 4.4 Polearms
 + Level 4.4 Staves
 + Level 9.7 Ranged Weapons
 + Level 4.4 Throwing
 + Level 4.4 Armour
 + Level 6.4 Dodging
 + Level 5.1 Stealth
 + Level 4.4 Shields
 + Level 4.4 Unarmed Combat
 + Level 4.4 Spellcasting
 + Level 3.6 Conjurations
 + Level 3.6 Hexes
 + Level 3.6 Summonings
 + Level 3.6 Necromancy
 + Level 3.6 Translocations
 + Level 3.6 Transmutations
 + Level 3.6 Fire Magic
 + Level 3.6 Ice Magic
 + Level 3.6 Air Magic
 + Level 3.6 Earth Magic
 + Level 3.6 Poison Magic
 + Level 4.9 Invocations
 + Level 4.4 Evocations


You had 13 spell levels left.
You knew the following spells:

 Your Spells              Type           Power      Damage    Failure   Level
a - Inner Flame           Hex/Fire       13%        N/A       26%         3

Your spell library contained the following spells:

 Spells                   Type           Power      Damage    Failure   Level
 Apportation              Tloc           26%        N/A       9%          1
 Necrotise                Necr           52%        1d6       9%          1
 Shock                    Conj/Air       52%        1d6       9%          1
 Summon Small Mammal      Summ           52%        N/A       9%          1
 Ensorcelled Hibernation  Hex/Ice        26%        N/A       13%         2
 Passwall                 Tmut/Erth      10%        N/A       13%         2
 Stone Arrow              Conj/Erth      26%        3d8       26%         3
 Swiftness                Air            13%        N/A       26%         3
 Flame Wave               Conj/Fire      13%        2d6       65%         4
 Petrify                  Tmut/Erth      13%        N/A       65%         4
 Sticky Flame             Conj/Fire      13%        2d4       65%         4
 Chain Lightning          Conj/Air       6%         3d8       100%        9


Dungeon Overview and Level Annotations

Branches:
Dungeon (7/15)
 Temple: D:4-7

Altars:
Vehumet
The Shining One
Lugonu

Annotations:
D:7 2 transporters


Innate Abilities, Weirdness & Mutations

You have very sharp teeth.
Your uncanny sense of smell can sniff out nearby items.
Your experience applies equally to all skills.


Message History

Casting: Inner Flame (dangerous; 26% risk of failure)
Confirm with . or Enter, or press ? or * to list all spells.
Okay, then.
You feel very mighty all of a sudden.
The orc warrior hits you with a +0 flail.
* * * LOW HITPOINT WARNING * * *
You hit the orc warrior but do no damage.
You bite the orc warrior, but do no damage.
The orc warrior misses you.
You barely miss the orc warrior. You hit the orc warrior.
You freeze the orc warrior.
The orc warrior is moderately wounded.
The orc warrior closely misses you.
You hit the orc warrior. You freeze the orc warrior.
The orc warrior is heavily wounded.
The orc warrior hits you with a +0 flail.
* * * LOW HITPOINT WARNING * * *
You hit the orc warrior. You freeze the orc warrior.
The orc warrior is heavily wounded.
The orc warrior closely misses you.
You puncture the orc warrior! You freeze the orc warrior.
The orc warrior is almost dead.
The orc warrior hits you but does no damage.
You hit the orc warrior. You freeze the orc warrior.
You kill the orc warrior!
The orc barely misses you.
Things that are here:
a +0 flail; a +0 plate armour; an orc corpse The orc priest shouts!
You hit the orc. You freeze the orc.
You kill the orc!
You hit the orc. You freeze the orc.
You kill the orc!
The orc priest calls down the wrath of Beogh upon you.
Beogh smites you!
* * * LOW HITPOINT WARNING * * *
Items here: ! )) [ †.
The orc priest calls down the wrath of Beogh upon you.
Beogh smites you!
You die...

#.....[....#
#........#.######
########.#......#
#.######o#####
#.# #.....# #.#
#####.# #o# #.#
#.# #o## #@# #oo#
#)# ##.W... #)#
#.... #.######
#...
######......# #'#
#......####.###
.#
#.#######.....# #
#.# #.{##...##u©#
#.# #.}. #...#
x..#


You could see an orc priest.

Vanquished Creatures
  Prince Ribbit (D:6)
  3 steam dragons
  2 ice beasts (D:5)
  2 orc warriors (D:7)
  A centaur (D:6)
  An ogre (D:6)
  3 phantoms
  Blork the orc (D:6)
  6 scorpions
  A howler monkey (D:5)
  5 hounds
  3 orc priests
  2 iguanas
  Terence (D:2)
  5 orc wizards
  8 adders
  A shadow imp (D:6)
  A white imp (D:6)
  An ufetubus (D:5)
  A worm (D:5)
  24 orcs
  7 ball pythons
  8 bats
  4 endoplasms
  5 giant cockroaches
  4 hobgoblins
  10 jackals
  3 quokkas
  6 frilled lizards
  4 goblins
  9 kobolds
  9 rats
142 creatures vanquished.

Vanquished Creatures (others)
  10 plants
10 creatures vanquished.

Grand Total: 152 creatures vanquished

Notes
Turn   | Place    | Note
-------+----------+-------------------------------------------
     0 | D:1      | Fartwhistle the Gnoll Hunter began the quest for the Orb.
     0 | D:1      | Reached XP level 1. HP: 20/20 MP: 1/1
   118 | D:1      | Reached XP level 2. HP: 26/26 MP: 2/2
   472 | D:1      | Reached XP level 3. HP: 31/31 MP: 3/3
   647 | D:2      | Reached skill level 1 in Invocations
   714 | D:2      | Noticed Terence
   718 | D:2      | Killed Terence
   719 | D:2      | Reached skill level 1 in Short Blades
   719 | D:2      | Reached skill level 1 in Long Blades
   719 | D:2      | Reached skill level 1 in Axes
   719 | D:2      | Reached skill level 1 in Maces & Flails
   719 | D:2      | Reached skill level 1 in Polearms
   719 | D:2      | Reached skill level 1 in Staves
   719 | D:2      | Reached skill level 1 in Throwing
   719 | D:2      | Reached skill level 1 in Armour
   719 | D:2      | Reached skill level 1 in Shields
   719 | D:2      | Reached skill level 1 in Unarmed Combat
   719 | D:2      | Reached skill level 1 in Spellcasting
   719 | D:2      | Reached skill level 1 in Evocations
   719 | D:2      | Reached XP level 4. HP: 38/38 MP: 5/5
   880 | D:2      | Reached skill level 1 in Conjurations
   880 | D:2      | Reached skill level 1 in Hexes
   880 | D:2      | Reached skill level 1 in Summonings
   880 | D:2      | Reached skill level 1 in Necromancy
   880 | D:2      | Reached skill level 1 in Translocations
   880 | D:2      | Reached skill level 1 in Transmutations
   880 | D:2      | Reached skill level 1 in Fire Magic
   880 | D:2      | Reached skill level 1 in Ice Magic
   880 | D:2      | Reached skill level 1 in Air Magic
   880 | D:2      | Reached skill level 1 in Earth Magic
   880 | D:2      | Reached skill level 1 in Poison Magic
  1459 | D:3      | Reached XP level 5. HP: 43/43 MP: 7/7
  2348 | D:4      | Got the Compilation of Stormy Spelunking
  2463 | D:4      | Reached skill level 5 in Fighting
  2463 | D:4      | Reached skill level 5 in Dodging
  2463 | D:4      | Reached XP level 6. HP: 38/51 MP: 7/9
  2901 | D:4      | Found a radiant altar of Vehumet.
  3116 | D:5      | Entered Level 5 of the Dungeon
  3132 | D:5      | Noticed an ice beast
  3143 | D:5      | Killed an ice beast
  3184 | D:5      | Reached XP level 7. HP: 56/56 MP: 10/10
  3243 | D:5      | Reached skill level 9 in Ranged Weapons
  3558 | D:5      | Reached XP level 8. HP: 47/63 MP: 12/12
  3654 | D:5      | Found a glowing golden altar of the Shining One.
  4521 | D:6      | Identified the amulet of the Trout {Spirit Harm Fly rPois}
  4643 | D:6      | Noticed Prince Ribbit
  4712 | D:6      | Killed Prince Ribbit
  5126 | D:6      | Noticed Blork the orc
  5146 | D:6      | Killed Blork the orc
  5151 | D:6      | Reached XP level 9. HP: 55/69 MP: 14/14
  5480 | D:6      | Learned a level 3 spell: Inner Flame
  5769 | D:7      | Found a transporter.
  5771 | D:7      | Noticed a white ugly thing
  5772 | D:7      | Noticed a purple ugly thing
  5773 | D:7      | Found a corrupted altar of Lugonu.
  5773 | D:7      | Noticed a red ugly thing
  5774 | D:7      | Noticed a purple ugly thing
  6133 | D:7      | Found a transporter.
  6172 | D:7      | Reached skill level 5 in Stealth
  6299 | D:7      | HP: 1/71 [orc warrior/+0 flail (15)]
  6318 | D:7      | Killed from afar by an orc priest

Illustrated notes

Levels and vault maps discovered:
D:1:      matt_arrival_diagonals, layout_rooms, roderic_roman_lattice,
          lexackson_kobold_supper
D:2:      layout_loops_ring, uniq_terence
D:3:      layout_basic
D:4:      layout_loops_ring, nicolae_overflow_hidden_temple
D:5:      layout_basic, tso_oasis_becter
D:6:      layout_loops_ring, uniq_prince_ribbit1, uniq_blork_the_orc
D:7:      gammafunk_corrupted_shrine, layout_basic,
          nemelex_xobeh_ov_fountains_minmay, minmay_temple_entry_trees,
          gammafunk_ghost_grave, serial_shops, nicolae_shop_mannequins,
          uniq_duvessa

Skill      XL: |  1  2  3  4  5  6  7  8  9 |
---------------+----------------------------+-----
Invocations    | 1 2 3 4 |  4.9
Short Blades   | 1 2 3 4 |  4.4
Long Blades    | 1 2 3 4 |  4.4
Axes           | 1 2 3 4 |  4.4
Maces & Flails | 1 2 3 4 |  4.4
Polearms       | 1 2 3 4 |  4.4
Staves         | 1 2 3 4 |  4.4
Throwing       | 1 2 3 4 |  4.4
Armour         | 1 2 3 4 |  4.4
Shields        | 1 2 3 4 |  4.4
Unarmed Combat | 1 2 3 4 |  4.4
Spellcasting   | 1 2 3 4 |  4.4
Evocations     | 1 2 3 4 |  4.4
Conjurations   | 1 2 3 |  3.6
Hexes          | 1 2 3 |  3.6
Summonings     | 1 2 3 |  3.6
Necromancy     | 1 2 3 |  3.6
Translocations | 1 2 3 |  3.6
Transmutations | 1 2 3 |  3.6
Fire Magic     | 1 2 3 |  3.6
Ice Magic      | 1 2 3 |  3.6
Air Magic      | 1 2 3 |  3.6
Earth Magic    | 1 2 3 |  3.6
Poison Magic   | 1 2 3 |  3.6
Stealth        | 3 4 5 |  5.1
Fighting       | 5 6 |  6.4
Dodging        | 5 6 |  6.4
Ranged Weapons | 9 |  9.7

Action                     |  1- 3 |  4- 6 |  7- 9 || total
---------------------------+-------+-------+-------++-------
  Melee: Short sword       |       |       |    73 ||    73
         Whip              |       |       |    14 ||    14
         Bite              |       |       |     8 ||     8
         Punch             |       |       |     2 ||     2
   Fire: Shortbow          |    85 |   132 |   281 ||   498
  Throw: Dart              |       |       |     8 ||     8
    Use: Potion            |       |       |     3 ||     3
         Scroll            |       |       |     4 ||     4
 Armour: Leather armour    |     4 |     1 |       ||     5
         Ring mail         |       |    20 |    90 ||   110
  Dodge: Dodged            |    22 |    36 |   146 ||   204
